 Dungeon Crawl Stone Soup version 0.21.1-1-g345015fe64 (webtiles) character file.

1589137 Imdi the Conqueror (level 27, 247/273 HPs)
             Began as a Centaur Hunter on Mar 6, 2018.
             Was the Champion of Okawaru.
             Escaped with the Orb
             ... and 3 runes on Mar 7, 2018!
             The game lasted 08:42:52 (84354 turns).

Imdi the Conqueror (Centaur Hunter)                Turns: 84354, Time: 08:42:53

Health: 247/273    AC: 49    Str: 27    XL:     27
Magic:  32/32      EV: 12    Int: 14    God:    Okawaru [******]
Gold:   6017       SH:  4    Dex: 16    Spells: 21/26 levels left

rFire    + + +     SeeInvis +   l - +8 longbow "Zephyr" {speed, Dex+3 SInv}
rCold    + . .     Gourm    .   (shield currently unavailable)
rNeg     + . .     Faith    .   R - +2 gold dragon scales
rPois    +         Spirit   .   T - +0 mask of the Dragon {MR+ Slay+3 SInv}
rElec    .         Reflect  .   K - +2 cloak {rF+}
rCorr    .         Harm     .   Y - +2 pair of gloves
MR       +++++                  y - +10 Black Knight's horse barding {ponderous, rPois rN+}
Stlth    ..........             g - amulet of Sloth {*Drain rF+ MR+ Regen+ Int+4}
HPRegen  0.95/turn              I - +6 ring of slaying
MPRegen  0.23/turn              P - ring of protection from magic

@: quick
A: large, hooves 3, large bone plates 1, molten scales 1, thin skeletal
structure 1, deformed body, speed 2, tough skin 3
0: Orb of Zot
}: 3/15 runes: decaying, abyssal, gossamer
a: Heroism, Finesse, Renounce Religion


You escaped.
You worshipped Okawaru.
Okawaru was exalted by your worship.
You were completely stuffed.

You visited 11 branches of the dungeon, and saw 51 of its levels.
You visited the Abyss 1 time.
You also visited: Ice Cave, Volcano and Desolation.

You collected 6692 gold pieces.
You spent 675 gold pieces at shops.

Inventory:

Hand Weapons
 a - the +12 longbow of Innocence {freeze, Str+4}
   (Okawaru gifted it to you on level 6 of the Lair of Beasts)

   It causes projectiles fired from it to freeze those they strike, causing
   extra injury to most foes and up to half again as much damage against
   particularly susceptible opponents.
   They can also slow down cold-blooded creatures.
   It affects your strength (+4).
 l - the +8 longbow "Zephyr" (weapon) {speed, Dex+3 SInv}
   (You found it on level 3 of the Elven Halls)

   Attacks with this weapon are significantly faster.
   It affects your dexterity (+3).
   It lets you see invisible.
Missiles
 d - 317 arrows (quivered)
 h - 8 throwing nets
Armour
 c - a +1 cloak of invisibility
 u - +0 storm dragon scales
 v - the +3 centaur barding "Puigen" {rF+ Regen+ Str+2}
   (Okawaru gifted it to you on level 5 of the Depths)

   It affects your strength (+2).
   It protects you from fire.
   It increases your rate of regeneration.
 y - the +10 Black Knight's horse barding (worn) {ponderous, rPois rN+}
   (Okawaru gifted it to you on level 4 of the Depths)

   It protects you from poison.
   It protects you from negative energy.
 B - the +2 centaur barding "Nyoxt" {-Tele rC+ Dex+2}
   (Okawaru gifted it to you on level 4 of the Spider Nest)

   It affects your dexterity (+2).
   It protects you from cold.
   It prevents most forms of teleportation.
 K - a +2 cloak of fire resistance (worn)
 R - +2 gold dragon scales (worn)
 T - the +0 mask of the Dragon (worn) {MR+ Slay+3 SInv}
   (You found it on level 3 of the Elven Halls)

   It affects your accuracy and damage with ranged weapons and melee attacks
   (+3).
   It affects your resistance to hostile enchantments.
   It lets you see invisible.
 Y - a +2 pair of gloves (worn)
Jewellery
 g - the amulet of Sloth (around neck) {*Drain rF+ MR+ Regen+ Int+4}
   (You found it in the Desolation of Salt)

   [amulet of regeneration]

   It affects your intelligence (+4).
   It protects you from fire.
   It affects your resistance to hostile enchantments.
   It increases your rate of regeneration.
   It causes draining when unequipped.
 w - the ring of the Will of the Gods {rN+ Str+3}
   (You acquired it on level 5 of the Depths)

   [ring of positive energy]

   It affects your strength (+3).
   It protects you from negative energy.
 I - a +6 ring of slaying (left hand)
 P - a ring of protection from magic (right hand)
 Q - an uncursed ring of poison resistance
Wands
 m - a wand of clouds (7)
 x - a wand of scattershot (3)
 D - a wand of acid (31)
 L - a wand of digging (40)
 Z - a wand of disintegration (60) {@e8}
Scrolls
 b - 24 scrolls of remove curse {@r2}
 j - 3 scrolls of fear
 k - 22 scrolls of identify {@r1}
 o - 18 scrolls of teleportation
 s - 11 scrolls of immolation
 A - 2 scrolls of blinking
 G - 8 scrolls of fog
 J - 4 scrolls of magic mapping
 M - a scroll of silence
 N - a scroll of acquirement
 U - 3 scrolls of summoning
 W - a scroll of holy word
Potions
 e - 2 potions of mutation
 i - 2 potions of resistance
 n - 8 potions of flight
 p - 5 potions of haste
 q - 4 potions of heal wounds
 r - 5 potions of agility
 t - 17 potions of curing {@q1}
 z - 5 potions of might
 C - 2 potions of cancellation
 F - a potion of invisibility
 H - 7 potions of berserk rage
Books
 E - a Necronomicon

   Spells                             Type                      Level
   a - Haunt                          Necromancy/Summoning         7
   b - Borgnjor's Revivification      Necromancy                   8
   c - Death's Door                   Charms/Necromancy            8
   d - Infestation                    Necromancy                   8
   e - Necromutation                  Transmutation/Necromancy     8
Miscellaneous
 S - 5 phantom mirrors
Comestibles
 f - 41 rations {@e8}


   Skills:
 O Level 27 Fighting
 - Level 20.0 Bows
 + Level 19.9 Armour
 + Level 19.9 Dodging
 - Level 3.8 Stealth
 - Level 0.4 Unarmed Combat
 - Level 1.6 Hexes
 - Level 1.6 Summonings
 - Level 1.6 Translocations
 - Level 12.4 Invocations


You had 21 spell levels left.
You knew the following spells:

 Your Spells              Type           Power        Failure   Level  Hunger
a - Portal Projectile     Hex/Tloc       #.....       99%         3    ####...
b - Call Imp              Summ           #.......     95%         2    ###....


Dungeon Overview and Level Annotations

Branches:
Dungeon (15/15)            Temple (1/1) D:5            Lair (6/6) D:9
  Swamp (4/4) Lair:2       Spider (4/4) Lair:3        Slime (2/5) Lair:5
    Orc (2/2) D:10            Elf (3/3) Orc:2        Vaults (4/5) D:13
  Crypt (0/3) Vaults:3     Depths (5/5) D:15            Zot (5/5) Depths:5

Altars:
Ashenzari
Cheibriados
Dithmenos
Elyvilon
Fedhas
Gozag
Hepliaklqana
Kikubaaqudgha
Makhleb
Nemelex Xobeh
Okawaru
Qazlal
Ru
Sif Muna
Trog
Uskayaw
Vehumet
Wu Jian
Xom
Yredelemnul
Zin
The Shining One
Beogh

Shops:
Orc:1 (   Orc:2 %[}[   Vaults:1 (   Vaults:2 =   Vaults:3 !   Depths:5 (

Portals:
Hell: Depths:1 Depths:2 Depths:3 Depths:4 Depths:5
Abyss: Depths:1 Depths:4
Pandemonium: Depths:3 Depths:5
Ziggurat: Depths:3

Annotations:
D:3 Grinder
Swamp:3 2 transporters
Elf:2 3 runed doors, exclusion: door
Vaults:3 exclusion: downstairs
Depths:2 4 runed doors


Innate Abilities, Weirdness & Mutations

You have hooves in place of feet.
Armour fits poorly on your strangely shaped body.
You cover ground very quickly.
You have extremely tough skin. (AC +3)
You are partially covered in large bone plates. (SH +4)
You are partially covered in molten scales. (AC +2)
You have a somewhat thin skeletal structure. (Dex +2, Stealth)


Message History

(V) Vaults (C) Crypt (U) Depths (H) Hell (Z) Zot
Where to? (Enter - D:2 @ (x,y), ? - help)
There is a stone staircase leading up here.
You climb upwards.
There is a stone staircase leading down here.
You see here a dagger.
You see here a club.
There is a staircase leading out of the dungeon here.
Unknown command.
Drop what? 49/52 slots (_ for help) (? for menu, Esc to quit)
Okay, then.
You feel extremely strange.
You feel robust.
Your slimy green scales disappear.
You feel agile.
Large bone plates grow over parts of your arms.
Your bones become slightly less dense.
Molten scales grow over part of your body.
Unknown command.
Unknown command.
You have escaped!

#.###...........# #..#...##.###
#.####....####### #####....[..#
#........#####..###.####...####
######.#.###...##.#..####.##
#......#.##...........# #.#
........)#............###.#
#.#######......≈≈≈......#.#
#.#...........≈...≈.....#.#
....####......≈.@.≈.......#
#.### ##.....≈...≈.......# #.#
#......≈≈≈......#.# #.#
###............##.# #.#
#...........###.# #.#
###........## #.# #.#
#.#.###.## #.# ### #.#
######### #.# ##.# #.# #.#
#.####.#.


There were no monsters in sight!

Vanquished Creatures
  2 ancient liches (Zot:5)
  5 orbs of fire (Zot:5)
  2 juggernauts
  Sojobo (Vaults:4)
  the Lernaean hydra (Swamp:4)
  Frederick (Vaults:4)
  Bai Suzhen (Swamp:3)
  Saint Roka (D:13)
  3 Killer Klowns
  2 curse toes (Zot:5)
  7 golden dragons
  2 caustic shrikes
  Jory (Vaults:3)
  Nikola (Depths:3)
  4 bone dragons
  A hellephant (Abyss:3)
  Arachne (Spider:4)
  4 electric golems
  9 tentacled monstrosities
  6 liches
  27 Orb Guardians
  2 titans
  4 acid blobs
  2 deep elf blademasters (Elf:3)
  2 deep elf master archers (Elf:3)
  2 quicksilver dragons
  6 tentacled starspawn (Abyss:3)
  An ancient champion (Vaults:3)
  11 sphinxes
  An Executioner (Abyss:3)
  10 death cobs
  An eldritch tentacle (Vaults:1)
  5 thorn hunters
  Kirke (Swamp:3)
  3 draconian monks
  Roxanne (D:15)
  4 shadow dragons
  7 tengu reavers
  14 storm dragons
  An azure jelly (Slime:1)
  4 draconian scorchers
  10 fire giants
  7 draconian knights
  3 emperor scorpions
  14 frost giants
  9 vault wardens
  3 imperial myrmidons (Desolation)
  7 ghost moths
  2 cacodemons
  7 deep elf sorcerers
  2 balrugs
  5 deep elf elementalists
  3 draconian stormcallers
  3 draconian shifters
  4 draconian annihilators
  6 spriggan defenders
  5 ironheart preservers
  A reaper (Abyss:3)
  A war gargoyle (Vaults:4)
  9 entropy weavers
  26 very ugly things
  29 stone giants
  10 black draconians
  5 vampire knights
  9 green draconians
  8 spark wasps
  8 purple draconians
  5 deep elf demonologists
  5 white draconians
  Azrael (D:13)
  10 red draconians
  7 deep elf annihilators
  Snorg (Orc:1)
  10 yellow draconians
  18 ettins
  2 halazid warlocks (Desolation)
  2 green deaths
  3 blizzard demons
  3 crystal guardians (Desolation)
  2 jiangshi (Depths:3)
  9 ragged hierophants (Desolation)
  13 yaktaur captains
  7 deep elf death magi
  21 fire dragons
  A fire dragon (shapeshifter) (Depths:3)
  9 great orbs of eyes
  3 vault guards
  4 deep elf high priests
  9 rakshasas
  30 hydras
  17 peacekeepers
  12 ice dragons
  A ghost crab (Swamp:2)
  8 servants of whispers (Desolation)
  8 centaur warriors
  7 spriggan air magi
  A catoblepas (Lair:6)
  A two-headed ogre (shapeshifter) (Depths:5)
  A death knight (Vaults:1)
  36 two-headed ogres
  12 deep troll shamans
  15 dancing weapons
  8 alligators
  Erica (Orc:1)
  13 ogre magi
  A queen ant (Lair:3)
  4 death yaks
  2 vampire magi
  13 deep troll earth magi
  A satyr (Abyss:3)
  6 thrashing horrors (Abyss:3)
  4 orc high priests (Orc:2)
  Urug (Lair:4)
  11 spriggan berserkers
  5 tengu warriors
  A titan zombie (Abyss:3)
  A shock serpent (shapeshifter) (D:15)
  12 deep elf knights
  5 hell knights
  2 soul eaters
  3 sun demons
  24 small abominations
  An iron troll (Depths:3)
  A shadow wraith (Abyss:3)
  9 wretched stars
  5 spriggan druids
  16 swamp dragons
  26 deep trolls
  A salamander mystic (Volcano)
  4 glowing orange brains
  6 flayed ghosts
  8 unseen horrors
  3 spatial maelstroms (Abyss:3)
  2 sixfirhies
  2 skeletal warriors (Vaults:1)
  A sea snake (shapeshifter) (Depths:2)
  13 ironbrand convokers
  A lindwurm (Lair:6)
  7 necromancers
  A swamp dragon (shapeshifter) (Depths:2)
  3 phantasmal warriors
  7 wizards
  6 harpies
  11 deep elf archers
  15 orb spiders
  15 orc knights
  59 deep elf magi
  An oklob plant (Lair:6)
  47 ugly things
  A salamander (shapeshifter) (Depths:3)
  8 cyclopes
  4 worldbinders (Abyss:3)
  A faun (shapeshifter) (Depths:1)
  9 orc sorcerers
  26 wolf spiders
  5 manticores
  A stone giant zombie (Abyss:3)
  A cyclops (shapeshifter) (Depths:2)
  30 moths of wrath
  2 centaur zombies
  4 rust devils
  An eye of devastation (Lair:5)
  8 salamanders
  A torpor snail (Lair:4)
  3 guardian serpents
  A torpor snail (shapeshifter) (Depths:2)
  2 apocalypse crabs (Abyss:3)
  A frost giant skeleton (Abyss:3)
  4 ice statues
  17 elephants
  15 vault sentinels
  3 gargoyles
  3 guardian serpents (shapeshifter)
  An eye of devastation (shapeshifter) (Depths:3)
  A molten gargoyle (Volcano)
  2 black mambas
  3 orange demons
  8 smoke demons
  2 centaur skeletons
  A storm dragon simulacrum (Vaults:2)
  16 spiny frogs
  A kobold demonologist (D:13)
  10 demonic crawlers
  9 ice devils
  2 yaktaurs (shapeshifter)
  A komodo dragon (shapeshifter) (Vaults:4)
  9 komodo dragons
  41 yaktaurs
  42 starcursed masses (Abyss:3)
  2 efreet
  4 freezing wraiths
  7 hellwings
  3 red devils
  6 ancient zymes
  18 trolls
  4 tengu conjurers
  3 meliai (Spider:4)
  4 polar bears
  2 jumping spiders (shapeshifter)
  5 tyrant leeches
  2 silent spectres (Abyss:3)
  A hornet (shapeshifter) (Depths:3)
  72 slime creatures
  31 jumping spiders
  26 hornets
  21 raiju (Abyss:3)
  3 bog bodies
  A meliai zombie (D:14)
  22 blink frogs
  3 hippogriffs (shapeshifter)
  69 saltlings
  5 dream sheep (Lair:6)
  8 hippogriffs
  2 dream sheep (shapeshifter)
  Sigmund (D:4)
  8 air elementals
  27 tarantellas
  5 flying skulls (Abyss:3)
  2 shadows
  A tarantella (shapeshifter) (D:13)
  28 spriggans
  2 water elementals
  4 wraiths
  3 wyverns
  82 redbacks
  A spriggan (shapeshifter) (Depths:3)
  A vampire (D:15)
  25 yaks
  2 basilisks (shapeshifter)
  8 ynoxinuls (Abyss:3)
  Eustachio (D:5)
  5 chaos spawn
  7 fire elementals
  6 hogs (Swamp:3)
  2 humans (shapeshifter)
  2 neqoxecs (Abyss:3)
  2 basilisks (Lair:4)
  6 fire bats (Volcano)
  2 golden eyes (Abyss:3)
  A steam dragon (shapeshifter) (Depths:2)
  10 vampire mosquitoes
  3 hungry ghosts
  4 wargs
  9 spatial vortices
  19 insubstantial wisps
  3 nagas (Abyss:3)
  2 acid dragons
  24 swamp worms
  8 soldier ants (Lair:3)
  24 large abominations
  12 water moccasins
  A porcupine (Lair:3)
  13 hell hounds
  2 floating eyes
  2 phantoms
  14 swamp drakes
  2 sky beasts
  2 ice beasts (shapeshifter)
  42 orc warriors
  6 black bears
  2 eyes of draining (shapeshifter)
  4 eyes of draining
  7 ice beasts
  2 necrophages
  26 ogres
  13 boggarts
  6 wolves (Lair:6)
  12 centaurs
  11 crocodiles
  6 big kobolds
  15 bullfrogs
  A gnoll sergeant (D:11)
  2 earth elementals (Elf:2)
  A wyvern skeleton (D:13)
  4 scorpions
  An elf simulacrum (Vaults:3)
  5 killer bees (D:11)
  8 wights
  3 electric eels
  4 howler monkeys
  10 crimson imps
  6 lava snakes
  A human simulacrum (Vaults:1)
  A bullfrog zombie (D:5)
  A draconian simulacrum (IceCv)
  6 jellies
  3 quasits
  2 bullfrog skeletons
  6 hounds
  32 orc wizards
  21 orc priests
  2 iron imps
  Jessica (D:2)
  An iguana (D:14)
  Terence (D:2)
  2 troll simulacra (IceCv)
  33 worker ants
  4 centaur simulacra (IceCv)
  A hound skeleton (D:6)
  A worker ant zombie (D:6)
  A howler monkey zombie (D:8)
  Robin (D:2)
  12 gnolls
  A howler monkey skeleton (D:7)
  19 adders
  3 naga simulacra (IceCv)
  5 shadow imps
  15 white imps
  An ufetubus (Abyss:3)
  5 oozes
  4 adder zombies
  3 adder skeletons
  10 worms
  2 dart slugs
  3 leopard geckos
  118 orcs
  A ball python (D:2)
  6 giant cockroaches
  6 goblins
  8 hobgoblins
  5 jackals
  4 quokkas
  7 bats
  5 frilled lizards
  15 kobolds
  A leopard gecko zombie (D:6)
  A quokka skeleton (D:9)
  A quokka zombie (D:7)
  4 rats
  A lurking horror (Abyss:3)
  4 starspawn tentacles (Abyss:3)
2643 creatures vanquished.

Vanquished Creatures (collateral kills)
  A draconian monk (Zot:5)
1 creature vanquished.

Vanquished Creatures (others)
  A draconian knight (Zot:5)
  A yellow draconian (Zot:3)
  An ettin (Depths:3)
  A spriggan air mage (Depths:5)
  A moth of wrath (Zot:5)
  2 golden eyes (Abyss:3)
  A spatial vortex (Abyss:3)
  A small abomination (Abyss:3)
  2 boggarts (Depths:3)
  A bullfrog zombie (D:13)
  48 bushes
  14 fungi
  17 plants
  17 starspawn tentacles (Abyss:3)
  9 toadstools (D:6)
117 creatures vanquished.

Grand Total: 2761 creatures vanquished

Notes
Turn   | Place    | Note
-------+----------+-------------------------------------------
     0 | D:1      | Imdi the Centaur Hunter began the quest for the Orb.
     0 | D:1      | Reached XP level 1. HP: 17/17 MP: 1/1
   297 | D:1      | Reached XP level 2. HP: 23/25 MP: 2/2
  1153 | D:2      | Found a sacrificial altar of Ru.
  1626 | D:2      | Reached skill level 1 in Stealth
  1626 | D:2      | Reached XP level 3. HP: 30/30 MP: 3/3
  1785 | D:2      | Reached skill level 3 in Fighting
  1810 | D:2      | You fall through a shaft!
  1926 | D:3      | Noticed Grinder
  2039 | D:2      | Reached XP level 4. HP: 38/38 MP: 4/4
  2085 | D:2      | Noticed Terence
  2107 | D:2      | Killed Terence
  2113 | D:2      | Noticed Robin
  2659 | D:2      | Killed Robin
  2711 | D:2      | Found a shattered altar of Ashenzari.
  2799 | D:2      | Noticed Jessica
  2815 | D:2      | Killed Jessica
  2815 | D:2      | Reached XP level 5. HP: 46/46 MP: 5/5
  3051 | D:3      | You fall through a shaft for 2 floors!
  3051 | D:5      | Entered Level 5 of the Dungeon
  3160 | D:4      | Reached skill level 4 in Fighting
  3377 | D:4      | Noticed a sky beast
  3833 | D:3      | Found a blossoming altar of Fedhas.
  4195 | D:4      | Reached XP level 6. HP: 41/52 MP: 6/6
  4483 | D:4      | Noticed Sigmund
  4584 | D:4      | Killed Sigmund
  4897 | D:4      | Killed a sky beast
  4897 | D:4      | Reached skill level 5 in Fighting
  4897 | D:4      | Reached XP level 7. HP: 61/61 MP: 7/7
  5909 | D:5      | Reached skill level 6 in Fighting
  6040 | D:5      | Found a staircase to the Ecumenical Temple.
  6083 | Temple   | Entered the Ecumenical Temple
  6259 | Temple   | Became a worshipper of Warmaster Okawaru
  6438 | D:5      | Noticed Eustachio
  6453 | D:5      | Killed Eustachio
  6453 | D:5      | Reached XP level 8. HP: 71/71 MP: 8/8
  6770 | D:6      | Found a shadowy altar of Dithmenos.
  7067 | D:6      | Reached skill level 10 in Bows
  7101 | D:6      | Reached * piety under Okawaru
  7101 | D:6      | Reached skill level 7 in Fighting
  7440 | D:6      | Noticed a slime creature
  7444 | D:6      | Noticed a slime creature
  7601 | D:6      | Noticed a slime creature
  7640 | D:6      | Killed a slime creature
  7640 | D:6      | Reached ** piety under Okawaru
  7640 | D:6      | Reached XP level 9. HP: 72/81 MP: 9/9
  7704 | D:6      | Reached skill level 8 in Fighting
  8094 | D:6      | Found a glowing silver altar of Zin.
  8467 | D:6      | Found a shadowy altar of Dithmenos.
  8675 | D:6      | Found a glowing silver altar of Zin.
  8891 | D:7      | Found a stormy altar of Qazlal.
  9461 | D:7      | Reached skill level 9 in Fighting
 10539 | D:8      | Reached *** piety under Okawaru
 10539 | D:8      | Reached XP level 10. HP: 72/92 MP: 10/10
 10600 | D:8      | Found an ancient bone altar of Kikubaaqudgha.
 11458 | D:8      | Reached skill level 1 in Invocations
 11742 | D:9      | Reached skill level 10 in Fighting
 11907 | D:9      | Identified a scroll of acquirement
 12044 | D:9      | Found a staircase to the Lair.
 12204 | D:9      | Noticed a two-headed ogre
 12249 | D:9      | Killed a two-headed ogre
 12392 | D:9      | Reached **** piety under Okawaru
 12622 | D:9      | Found a sparkling altar of Nemelex Xobeh.
 13095 | D:10     | Entered Level 10 of the Dungeon
 13201 | D:10     | Found a staircase to the Orcish Mines.
 13227 | D:10     | Received a gift from Okawaru
 13227 | D:10     | Reached skill level 11 in Fighting
 13382 | D:10     | Found a bloodstained altar of Trog.
 13415 | D:10     | Noticed a gargoyle
 13449 | D:10     | Killed a gargoyle
 13449 | D:10     | Reached XP level 11. HP: 57/102 MP: 14/14
 13609 | D:10     | Noticed an unseen horror
 13613 | D:10     | Killed an unseen horror
 13613 | D:10     | Reached ***** piety under Okawaru
 13613 | D:10     | Received a gift from Okawaru
 13801 | D:10     | Noticed an unseen horror
 13803 | D:10     | Killed an unseen horror
 13803 | D:10     | Received a gift from Okawaru
 13926 | D:11     | Noticed an unseen horror
 13930 | D:11     | Killed an unseen horror
 14278 | D:11     | Reached skill level 15 in Bows
 14278 | D:11     | Reached skill level 5 in Invocations
 15089 | D:11     | Found a white marble altar of Elyvilon.
 15196 | D:11     | Noticed a two-headed ogre
 15272 | D:11     | Reached skill level 12 in Fighting
 15276 | D:11     | Killed a two-headed ogre
 15327 | D:11     | Received a gift from Okawaru
 15442 | D:11     | You fall through a shaft!
 15445 | D:12     | Noticed a deep elf mage
 15463 | D:12     | Killed a deep elf mage
 15966 | Lair:1   | Entered Level 1 of the Lair of Beasts
 16630 | Lair:1   | Reached XP level 12. HP: 113/113 MP: 16/16
 17035 | Lair:1   | Noticed a five-headed hydra
 17042 | Lair:1   | Killed a five-headed hydra
 17186 | Lair:2   | Found a staircase to the Swamp.
 17265 | Lair:2   | Received a gift from Okawaru
 18171 | Lair:3   | Noticed a seven-headed hydra
 18188 | Lair:3   | Killed a seven-headed hydra
 18188 | Lair:3   | Reached skill level 13 in Fighting
 18315 | Lair:3   | Noticed a queen ant
 18548 | Lair:3   | Found a hole to the Spider Nest.
 18768 | Lair:3   | Killed a queen ant
 19090 | Lair:4   | Noticed a five-headed hydra
 19096 | Lair:4   | Killed a five-headed hydra
 19444 | Lair:4   | Noticed Urug
 19466 | Lair:4   | Killed Urug
 19908 | Lair:4   | Noticed a five-headed hydra
 19923 | Lair:4   | Killed a five-headed hydra
 19923 | Lair:4   | Received a gift from Okawaru
 19923 | Lair:4   | Reached XP level 13. HP: 123/123 MP: 19/19
 20294 | Lair:4   | Reached skill level 14 in Fighting
 21437 | Lair:5   | Found a staircase to the Slime Pits.
 21499 | Lair:5   | Received a gift from Okawaru
 21916 | Lair:6   | Entered Level 6 of the Lair of Beasts
 22667 | Lair:5   | Found a staircase to the Slime Pits.
 22899 | Lair:5   | Found a staircase to the Slime Pits.
 23273 | Lair:6   | Received a gift from Okawaru
 23277 | Lair:6   | Got a shimmering longbow {god gift}
 23391 | Lair:6   | Identified the +12 longbow of Innocence {freeze, Str+4} (Okawaru gifted it to you on level 6 of the Lair of Beasts)
 23754 | Lair:6   | Received a gift from Okawaru
 23757 | Lair:6   | Got a bloodstained centaur barding {god gift}
 23764 | Lair:6   | Identified the +3 centaur barding of the Gusle {Dex+4} (Okawaru gifted it to you on level 6 of the Lair of Beasts)
 23799 | Lair:6   | Reached skill level 15 in Fighting
 23890 | Lair:6   | Reached skill level 1 in Armour
 23890 | Lair:6   | Reached skill level 10 in Invocations
 23890 | Lair:6   | Reached XP level 14. HP: 135/135 MP: 21/21
 24828 | Lair:6   | Reached ****** piety under Okawaru
 24898 | Lair:6   | Reached XP level 15. HP: 141/141 MP: 22/22
 25998 | D:13     | Noticed Azrael
 26037 | D:13     | Killed Azrael
 26037 | D:13     | Reached skill level 16 in Fighting
 26118 | D:13     | Found a frozen archway.
 26133 | IceCv    | Entered an ice cave
 26556 | IceCv    | Received a gift from Okawaru
 26741 | IceCv    | Got a distressingly furry scale mail
 27143 | D:13     | Identified the +4 scale mail of Rege {rN+ Str+4 Int-2} (You found it in an ice cave)
 27453 | D:13     | Received a gift from Okawaru
 27458 | D:13     | Got a slimy hunting sling {god gift}
 27462 | D:13     | Identified the +7 hunting sling of Rewkic {venom, rPois SInv} (Okawaru gifted it to you on level 13 of the Dungeon)
 27487 | D:13     | Found a gate to the Vaults.
 27564 | D:13     | Got a brightly glowing scale mail
 27577 | D:13     | Identified the +2 scale mail of the Duchess {+Blink Str+3 Slay+2} (You found it on level 13 of the Dungeon)
 28537 | D:15     | Entered Level 15 of the Dungeon
 28594 | D:15     | Reached skill level 17 in Fighting
 28610 | D:15     | Received a gift from Okawaru
 28807 | D:15     | Received a gift from Okawaru
 29154 | D:15     | Noticed Roxanne
 29163 | D:15     | Received a gift from Okawaru
 29316 | D:15     | Killed Roxanne
 29553 | D:15     | Identified Roxanne's Collected Works on Earth (You took it off Roxanne on level 15 of the Dungeon)
 29700 | D:15     | Found a staircase to the Depths.
 29889 | Orc:1    | Entered Level 1 of the Orcish Mines
 29926 | Orc:1    | Received a gift from Okawaru
 29926 | Orc:1    | Reached XP level 16. HP: 138/157 MP: 20/25
 29929 | Orc:1    | Got a faintly humming centaur barding {god gift}
 29959 | Orc:1    | Found Kestuv's Antique Weapon Boutique.
 29999 | Orc:1    | Identified the +4 centaur barding of Cinwuyjo {+Fly rC- SInv} (Okawaru gifted it to you on level 1 of the Orcish Mines)
 30206 | Orc:1    | Noticed Erica
 30219 | Orc:1    | Killed Erica
 30292 | Orc:1    | Noticed Snorg
 30295 | Orc:1    | Killed Snorg
 30354 | Orc:1    | Found a roughly hewn altar of Beogh.
 30613 | Orc:1    | Found a bloodstained altar of Trog.
 30849 | Orc:2    | Entered Level 2 of the Orcish Mines
 30884 | Orc:2    | Reached skill level 18 in Fighting
 31088 | Orc:2    | Found a dark tunnel.
 31093 | Volcano  | Entered a volcano
 31310 | Volcano  | Found a burning altar of Makhleb.
 31868 | Orc:2    | Found a staircase to the Elven Halls.
 32037 | Orc:2    | Found Comiam's Armour Boutique.
 32037 | Orc:2    | Found King's Food Shoppe.
 32040 | Orc:2    | Found Luguowuu's Gadget Boutique.
 32040 | Orc:2    | Found Toewk's Antique Armour Shoppe.
 32617 | Swamp:1  | Entered Level 1 of the Swamp
 33389 | Swamp:1  | Received a gift from Okawaru
 33608 | Swamp:1  | Noticed a thorn hunter
 33618 | Swamp:1  | Killed a thorn hunter
 34599 | Swamp:2  | Noticed a thorn hunter
 34606 | Swamp:2  | Killed a thorn hunter
 34606 | Swamp:2  | Reached skill level 19 in Fighting
 34925 | Swamp:3  | Found a transporter.
 34947 | Swamp:3  | Noticed a thorn hunter
 34965 | Swamp:3  | Killed a thorn hunter
 35052 | Swamp:3  | Noticed Bai Suzhen
 35101 | Swamp:3  | Received a gift from Okawaru
 35103 | Swamp:3  | Killed Bai Suzhen
 35103 | Swamp:3  | Received a gift from Okawaru
 35103 | Swamp:3  | Reached skill level 5 in Armour
 35103 | Swamp:3  | Reached skill level 5 in Dodging
 35103 | Swamp:3  | Reached XP level 17. HP: 89/168 MP: 26/26
 35115 | Swamp:3  | Got a slimy shortbow {god gift}
 35116 | Swamp:3  | Identified the +8 shortbow "Mefeg" {velocity, rC- rN++ Str+5} (Okawaru gifted it to you on level 3 of the Swamp)
 35619 | Swamp:3  | Noticed Kirke
 35624 | Swamp:3  | Killed Kirke
 35706 | Swamp:3  | Found a transporter.
 36218 | Spider:1 | Entered Level 1 of the Spider Nest
 36609 | Spider:1 | Received a gift from Okawaru
 37163 | Spider:1 | Received a gift from Okawaru
 37882 | Spider:2 | Reached skill level 20 in Fighting
 38626 | Spider:3 | Received a gift from Okawaru
 38878 | Spider:3 | Received a gift from Okawaru
 39260 | Spider:4 | Entered Level 4 of the Spider Nest
 39384 | Spider:4 | Received a gift from Okawaru
 39610 | Spider:4 | Received a gift from Okawaru
 39873 | Spider:4 | Noticed Arachne
 39906 | Spider:4 | Killed Arachne
 39906 | Spider:4 | Reached XP level 18. HP: 138/180 MP: 22/27
 39983 | Spider:4 | Received a gift from Okawaru
 40983 | Spider:4 | Received a gift from Okawaru
 40986 | Spider:4 | Got a distressingly furry centaur barding {god gift}
 40998 | Spider:4 | Identified the +2 centaur barding "Nyoxt" {-Tele rC+ Dex+2} (Okawaru gifted it to you on level 4 of the Spider Nest)
 41249 | Spider:4 | Got a gossamer rune of Zot
 41507 | Swamp:4  | Entered Level 4 of the Swamp
 41692 | Swamp:4  | Reached skill level 21 in Fighting
 42486 | Swamp:4  | Noticed the 27-headed Lernaean hydra
 42516 | Swamp:4  | Killed the 27-headed Lernaean hydra
 42516 | Swamp:4  | Received a gift from Okawaru
 42670 | Swamp:4  | Got a decaying rune of Zot
 43044 | Vaults:1 | Entered Level 1 of the Vaults
 43044 | Vaults:1 | Noticed Saint Roka
 43082 | D:13     | Killed Saint Roka
 43418 | Vaults:1 | Received a gift from Okawaru
 43860 | Vaults:1 | Reached XP level 19. HP: 190/190 MP: 28/28
 44062 | Vaults:1 | Received a gift from Okawaru
 44105 | Vaults:1 | Found Ogicoka's Weapon Emporium.
 44463 | Vaults:1 | Received a gift from Okawaru
 45460 | Vaults:1 | Identified the Papyrus of the Traveller
 45552 | Vaults:1 | Got a smoking longbow {god gift}
 45554 | Vaults:1 | Identified the +5 longbow of the Hidden People {flame, rN+ Int+3} (Okawaru gifted it to you on level 1 of the Vaults)
 45643 | Vaults:2 | Reached skill level 22 in Fighting
 46072 | Vaults:2 | Reached skill level 10 in Armour
 46082 | Vaults:2 | Reached skill level 10 in Dodging
 46693 | Vaults:2 | Received a gift from Okawaru
 46747 | Vaults:2 | Found Rutesop's Jewellery Shoppe.
 46761 | Vaults:2 | Bought an uncursed ring of protection from magic for 375 gold pieces
 46761 | Vaults:2 | Bought an uncursed ring of poison resistance for 300 gold pieces
 47268 | Vaults:3 | Received a gift from Okawaru
 47384 | Vaults:3 | Found Pynt's Distillery.
 47551 | Vaults:3 | Reached XP level 20. HP: 185/201 MP: 29/29
 47671 | Vaults:3 | Noticed Jory
 47717 | Vaults:3 | Killed Jory
 48499 | Vaults:3 | Found a staircase to the Crypt.
 49283 | Vaults:4 | Received a gift from Okawaru
 49629 | Vaults:4 | Noticed Sojobo
 49838 | Vaults:4 | Noticed Frederick
 49845 | Vaults:4 | Killed Frederick
 50090 | Vaults:4 | Killed Sojobo
 50427 | Vaults:4 | Received a gift from Okawaru
 50682 | Vaults:4 | Reached skill level 23 in Fighting
 51782 | Elf:1    | Entered Level 1 of the Elven Halls
 52025 | Elf:1    | Reached XP level 21. HP: 211/211 MP: 30/30
 52129 | Elf:1    | Found a ruined gateway.
 52178 | Elf:1    | Received a gift from Okawaru
 52213 | Desolati | Entered the Desolation of Salt
 52635 | Desolati | Received a gift from Okawaru
 53636 | Desolati | Received a gift from Okawaru
 53650 | Desolati | Got a faintly glowing centaur barding {god gift}
 53662 | Desolati | Identified the +3 centaur barding of the Comet {rN+ Str+2 Stlth+} (Okawaru gifted it to you in the Desolation of Salt)
 53706 | Desolati | Got a heavily runed copper ring
 53822 | Desolati | Got a fine copper amulet
 53823 | Desolati | Identified Sif Muna's Reference Book on Burning Protection
 53826 | Desolati | Identified the Volume of Vitriolic Displacement
 54167 | Desolati | Identified the amulet of Sloth {*Drain rF+ MR+ Regen+ Int+4} (You found it in the Desolation of Salt)
 54171 | Desolati | Identified the ring "Verphiho" {rF+ Int+4 Dex-3 SInv} (You found it in the Desolation of Salt)
 54253 | Desolati | Got a bloodstained ring mail
 54265 | Desolati | Identified the +1 ring mail "Sackiseh" {rF++ rC+ Int-5 Dex+5} (You found it in the Desolation of Salt)
 55435 | Elf:2    | Found a runed gate.
 55435 | Elf:2    | Found a runed gate.
 55435 | Elf:2    | Found a runed gate.
 55708 | Elf:3    | Entered Level 3 of the Elven Halls
 56245 | Elf:3    | Received a gift from Okawaru
 56645 | Elf:3    | Reached XP level 22. HP: 222/222 MP: 31/31
 56907 | Elf:3    | Reached skill level 24 in Fighting
 56954 | Elf:3    | Found the +0 mask of the Dragon {MR+ Slay+3 SInv}
 56988 | Elf:3    | Found the +8 longbow "Zephyr" {speed, Dex+3 SInv}
 57143 | Elf:3    | Identified the Collected Works on Floating Heat
 57732 | Depths:1 | Entered Level 1 of the Depths
 57821 | Depths:1 | Found a gateway to Hell.
 57861 | Depths:1 | Received a gift from Okawaru
 57906 | Depths:1 | Received a gift from Okawaru
 58256 | Depths:1 | Found a one-way gate to the infinite horrors of the Abyss.
 58267 | Depths:1 | Received a gift from Okawaru
 58647 | Depths:2 | Noticed a juggernaut
 58680 | Depths:2 | Killed a juggernaut
 58988 | Depths:2 | Received a gift from Okawaru
 58992 | Depths:2 | Got a scorched centaur barding {god gift}
 59240 | Depths:2 | Found a burning altar of Makhleb.
 59255 | Depths:2 | Found a runed door.
 59257 | Depths:2 | Found a runed door.
 59598 | Depths:2 | Found a runed door.
 59738 | Depths:2 | Reached XP level 23. HP: 223/232 MP: 32/32
 60036 | Depths:2 | Identified the -5 centaur barding "Arghieph" {+Blink Int+8 Stlth+} (Okawaru gifted it to you on level 2 of the Depths)
 60739 | Depths:2 | Received a gift from Okawaru
 61046 | Depths:2 | Found a runed door.
 61050 | Depths:2 | Found a runed door.
 61465 | Depths:2 | Received a gift from Okawaru
 61547 | Depths:2 | Reached skill level 25 in Fighting
 61845 | Depths:3 | Found a one-way gate leading to the halls of Pandemonium.
 61928 | Depths:3 | Noticed Nikola
 61941 | Depths:3 | Killed Nikola
 62175 | Depths:3 | Reached skill level 15 in Armour
 62184 | Depths:3 | Reached skill level 15 in Dodging
 62243 | Depths:3 | Noticed a juggernaut
 62279 | Depths:3 | Killed a juggernaut
 62315 | Depths:3 | Noticed a caustic shrike
 62324 | Depths:3 | Killed a caustic shrike
 62324 | Depths:3 | Received a gift from Okawaru
 62479 | Depths:3 | Reached XP level 24. HP: 239/243 MP: 32/32
 62607 | Depths:3 | Received a gift from Okawaru
 62695 | Depths:3 | Found a gateway to a ziggurat.
 64239 | Depths:4 | Received a gift from Okawaru
 64277 | Depths:4 | Received a gift from Okawaru
 64278 | Depths:4 | Found the +10 Black Knight's horse barding {ponderous, rPois rN+}
 65106 | Depths:5 | Entered Level 5 of the Depths
 65106 | Depths:5 | Found Amev's Antique Weapon Boutique.
 66163 | Depths:5 | Reached skill level 26 in Fighting
 66377 | Depths:5 | Got a steaming lapis lazuli ring
 66384 | Depths:5 | Identified the ring of the Will of the Gods {rN+ Str+3} (You acquired it on level 5 of the Depths)
 66485 | Depths:5 | Received a gift from Okawaru
 66500 | Depths:5 | Got a faintly glowing centaur barding {god gift}
 66512 | Depths:5 | Identified the +3 centaur barding "Puigen" {rF+ Regen+ Str+2} (Okawaru gifted it to you on level 5 of the Depths)
 66596 | Depths:5 | Found a runed door.
 66714 | Depths:5 | Reached XP level 25. HP: 253/253 MP: 32/32
 66899 | Depths:5 | Found a gate to the Realm of Zot.
 67304 | Depths:5 | Learned a level 3 spell: Portal Projectile
 67320 | Depths:5 | Learned a level 2 spell: Call Imp
 67683 | Slime:1  | Entered Level 1 of the Pits of Slime
 68221 | Slime:1  | Reached skill level 1 in Hexes
 68224 | Slime:1  | Reached skill level 1 in Summonings
 68264 | Slime:1  | Reached skill level 1 in Translocations
 70652 | Depths:1 | Voluntarily entered the Abyss.
 70865 | Abyss:3  | Found a shimmering altar of Xom.
 71170 | Abyss:3  | Gained mutation: You are partially covered in slimy green scales. (AC +2) [mutagenic glow]
 71684 | Abyss:3  | Received a gift from Okawaru
 71941 | Abyss:3  | Found a hide-covered altar of Uskayaw.
 71941 | Abyss:3  | Found a hazy altar of Hepliaklqana.
 71941 | Abyss:3  | Found an ornate altar of the Wu Jian Council.
 71941 | Abyss:3  | Found a radiant altar of Vehumet.
 71941 | Abyss:3  | Found a bloodstained altar of Trog.
 71941 | Abyss:3  | Found a blossoming altar of Fedhas.
 71941 | Abyss:3  | Found a shimmering altar of Xom.
 71941 | Abyss:3  | Found a snail-covered altar of Cheibriados.
 71941 | Abyss:3  | Found a glowing golden altar of the Shining One.
 71941 | Abyss:3  | Found an iron altar of Okawaru.
 71943 | Abyss:3  | Found a glowing silver altar of Zin.
 71945 | Abyss:3  | Found an ancient bone altar of Kikubaaqudgha.
 71945 | Abyss:3  | Found a sparkling altar of Nemelex Xobeh.
 71945 | Abyss:3  | Found a stormy altar of Qazlal.
 71947 | Abyss:3  | Found a deep blue altar of Sif Muna.
 71947 | Abyss:3  | Found a shadowy altar of Dithmenos.
 71947 | Abyss:3  | Found a burning altar of Makhleb.
 71947 | Abyss:3  | Found an opulent altar of Gozag.
 71949 | Abyss:3  | Found a white marble altar of Elyvilon.
 71949 | Abyss:3  | Found an opulent altar of Gozag.
 71949 | Abyss:3  | Found a basalt altar of Yredelemnul.
 72421 | Abyss:3  | Paralysed by accursed screaming for 1 turns
 72428 | Abyss:3  | Paralysed by accursed screaming for 1 turns
 72578 | Abyss:3  | Received a gift from Okawaru
 72936 | Abyss:3  | Found a corrupted altar of Lugonu.
 73660 | Abyss:3  | Received a gift from Okawaru
 74098 | Abyss:3  | Got an abyssal rune of Zot
 74239 | Abyss:3  | Found a corrupted altar of Lugonu.
 74351 | Depths:1 | Escaped the Abyss
 74477 | Zot:1    | Entered Level 1 of the Realm of Zot
 74631 | Zot:1    | Reached XP level 26. HP: 255/264 MP: 32/32
 74647 | Zot:1    | Received a gift from Okawaru
 75454 | Zot:2    | Reached skill level 27 in Fighting
 76667 | Zot:3    | Received a gift from Okawaru
 77587 | Zot:4    | Received a gift from Okawaru
 78077 | Zot:4    | Received a gift from Okawaru
 78852 | Zot:5    | Entered Level 5 of the Realm of Zot
 79244 | Zot:5    | Reached XP level 27. HP: 273/273 MP: 27/32
 81146 | Zot:5    | Noticed an ancient lich
 81150 | Zot:5    | Killed an ancient lich
 81150 | Zot:5    | Received a gift from Okawaru
 81552 | Zot:5    | Noticed an orb of fire
 81592 | Zot:5    | Killed an orb of fire
 81648 | Zot:5    | Noticed an orb of fire
 81653 | Zot:5    | Gained mutation: You are frail. (-10% HP) [an orb of fire]
 81660 | Zot:5    | Killed an orb of fire
 81696 | Zot:5    | Received a gift from Okawaru
 81776 | Zot:5    | Received a gift from Okawaru
 81993 | Zot:5    | Noticed an ancient lich
 82005 | Zot:5    | Killed an ancient lich
 82005 | Zot:5    | Received a gift from Okawaru
 82027 | Zot:5    | Noticed an orb of fire
 82034 | Zot:5    | Killed an orb of fire
 82045 | Zot:5    | Noticed an orb of fire
 82051 | Zot:5    | Gained mutation: You are clumsy. (Dex -2) [an orb of fire]
 82055 | Zot:5    | Killed an orb of fire
 82094 | Zot:5    | Noticed an orb of fire
 82106 | Zot:5    | Killed an orb of fire
 82106 | Zot:5    | Received a gift from Okawaru
 83367 | Zot:5    | Got the Orb of Zot
 83503 | Zot:1    | Noticed Xuinn the pandemonium lord
 83741 | D:14     | Noticed Ybuequr the pandemonium lord
 83914 | D:12     | Received a gift from Okawaru
 84352 | D:1      | Lost mutation: You are frail. (-10% HP) [potion of mutation]
 84352 | D:1      | Lost mutation: You are partially covered in slimy green scales. (AC +2) [potion of mutation]
 84352 | D:1      | Lost mutation: You are clumsy. (Dex -2) [potion of mutation]
 84352 | D:1      | Gained mutation: You are partially covered in large bone plates. (SH +4) [potion of mutation]
 84352 | D:1      | Gained mutation: You have a somewhat thin skeletal structure. (Dex +2, Stealth) [potion of mutation]
 84352 | D:1      | Gained mutation: You are partially covered in molten scales. (AC +2) [potion of mutation]
 84354 | D:$      | Escaped with the Orb!

Skill      XL: |  1  2  3  4  5  6  7  8  9 10 11 12 13 14 15 16 17 18 19 20 21 22 23 24 25 26 27 |
---------------+----------------------------------------------------------------------------------+-----
Stealth        | 1 2 3 |  3.8
Fighting       | 3 4 5 6 7 9 11 12 13 15 17 19 20 21 22 23 24 25 26 27 | 27.0
Bows           | 6 7 8 9 11 12 14 16 17 19 20 | 20.0
Invocations    | 4 6 8 10 12 | 12.4
Armour         | 1 5 7 8 10 11 13 14 15 16 17 18 19 | 19.9
Dodging        | 5 7 8 10 11 13 14 15 16 17 18 19 | 19.9
Hexes          | 1 |  1.6
Summonings     | 1 |  1.6
Translocations | 1 |  1.6
Unarmed Combat | |  0.4

Action                   |  1- 3 |  4- 6 |  7- 9 | 10-12 | 13-15 | 16-18 | 19-21 | 22-24 | 25-27 || total
-------------------------+-------+-------+-------+-------+-------+-------+-------+-------+-------++-------
Melee: Unarmed           |    82 |    41 |    30 |       |       |       |       |    10 |       ||   163
       Kick              |    14 |    14 |    10 |       |       |       |       |     4 |       ||    42
 Fire: Shortbow          |    54 |   136 |   513 |   105 |       |       |       |       |       ||   808
       Longbow           |       |       |       |   639 |   850 |  1421 |  1677 |  2141 |  2278 ||  9006
Throw: Tomahawk          |       |    22 |       |       |       |       |       |       |       ||    22
       Throwing net      |       |       |       |       |       |       |     1 |       |       ||     1
Invok: Heroism           |       |       |     1 |    11 |     6 |     8 |     8 |    10 |    12 ||    56
       Finesse           |       |       |       |     2 |     3 |     9 |     8 |     6 |    11 ||    39
Evoke: Wand              |       |     3 |     2 |     1 |       |       |       |       |     6 ||    12
  Use: Scroll            |       |     4 |     6 |    10 |    15 |     9 |    10 |     8 |    12 ||    74
       Potion            |       |       |       |     2 |     2 |       |     1 |     2 |     7 ||    14
  Eat: Chunk             |     2 |     4 |     6 |    10 |    13 |    10 |    19 |    16 |     5 ||    85
       Ration            |       |     1 |     2 |     4 |     3 |     7 |     3 |     2 |    14 ||    36
Armor: Ring mail         |    63 |       |       |       |       |       |       |       |       ||    63
       Leather armour    |     9 |       |       |       |       |       |       |       |       ||     9
       Plate armour      |       |   109 |    72 |   106 |    69 |       |       |       |       ||   356
       Scale mail        |       |       |       |       |    20 |    10 |       |       |       ||    30
       Chain mail        |       |       |       |       |       |    74 |       |       |       ||    74
       Swamp dragon scal |       |       |       |       |       |   126 |    15 |       |       ||   141
       Crystal plate arm |       |       |       |       |       |       |   319 |   321 |       ||   640
       Gold dragon scale |       |       |       |       |       |       |       |    55 |   725 ||   780
Dodge: Dodged            |    70 |    13 |    19 |    40 |    31 |   147 |   137 |   148 |   338 ||   943
Block: Other             |       |       |       |       |     6 |    16 |       |       |       ||    22
       Reflection        |       |       |       |       |     1 |     2 |       |       |       ||     3
